 Dungeon Crawl Stone Soup version 0.29.1-15-g9cfb28693d (webtiles) character file.

Game seed: 2986296418371506439

236 386 the Shield-Bearer (level 6, 0/53 HPs)
             Began as a Gnoll Fighter on Mar 26, 2023.
             Succumbed to Crazy Yiuf's poison
             ... on level 2 of the Dungeon.
             The game lasted 00:03:21 (2265 turns).

386 the Shield-Bearer (Gnoll Fighter)               Turns: 2265, Time: 00:03:21

Health: 0/53       AC: 12    Str: 18    XL:     6   Next: 6%
Magic:  7/8        EV:  7    Int:  7    God:
Gold:   90         SH:  5    Dex: 11    Spells: 8/8 levels left

rFire   . . .      SeeInvis .   a - +0 trident
rCold   + . .      Faith    .   c - +0 buckler
rNeg    . . .      Spirit   .   p - +2 chain mail {rC+}
rPois   .          Reflect  .   (no helmet)
rElec   .          Harm     .   (no cloak)
rCorr   .          Rampage  .   (no gloves)
Will    .....                   (no boots)
Stlth   ..........              (no amulet)
HPRegen 0.17/turn               (no ring)
MPRegen 0.11/turn               (no ring)

@: lethally poisoned (0 -> -3), flying
A: fangs 1, strong nose, distributed training
a: no special abilities


You were on level 2 of the Dungeon.
You visited 1 branch of the dungeon, and saw 3 of its levels.

You collected 90 gold pieces.

Inventory:

Hand Weapons
 a - a +0 trident (weapon)
Armour
 b - a +0 scale mail
 c - a +0 buckler (worn)
 h - a +0 helmet
 p - a +2 chain mail of cold resistance (worn)
 s - a +0 pair of boots
Jewellery
 l - a ring of flight
 t - an amulet of the acrobat
Scrolls
 e - 5 scrolls of identify {unknown}
 f - a scroll of vulnerability {unknown}
 i - a scroll of butterflies {unknown}
 m - 2 scrolls of teleportation {unknown}
 n - a scroll of brand weapon {unknown}
 r - a scroll of poison {unknown}
 v - a scroll of fear {unknown}
Potions
 d - a potion of might
 g - a potion of flight
 j - a potion of cancellation {unknown}
 k - a potion of heal wounds {unknown}
 o - a potion of lignification {unknown}
 q - a potion of berserk rage {unknown}
 u - a potion of curing {unknown}
 w - a potion of attraction {unknown}


   Skills:
 + Level 6.8 Fighting
 + Level 1.8 Short Blades
 + Level 1.8 Long Blades
 + Level 1.8 Axes
 + Level 1.8 Maces & Flails
 + Level 4.9 Polearms
 + Level 1.8 Staves
 + Level 1.8 Ranged Weapons
 + Level 1.8 Throwing
 + Level 6.8 Armour
 + Level 1.8 Dodging
 + Level 1.8 Stealth
 + Level 6.8 Shields
 + Level 1.8 Unarmed Combat
 + Level 1.8 Spellcasting
 + Level 1.4 Conjurations
 + Level 1.4 Hexes
 + Level 1.4 Summonings
 + Level 1.4 Necromancy
 + Level 1.4 Translocations
 + Level 1.4 Transmutations
 + Level 1.4 Fire Magic
 + Level 1.4 Ice Magic
 + Level 1.4 Air Magic
 + Level 1.4 Earth Magic
 + Level 1.4 Poison Magic
 + Level 2.0 Invocations
 + Level 1.8 Evocations


You had 8 spell levels left.
You didn't know any spells.
Your spell library contained the following spells:

 Spells                   Type           Power      Damage    Failure   Level
 Summon Small Mammal      Summ           8%         N/A       96%         1
 Call Canine Familiar     Summ           2%         N/A       100%        3
 Inner Flame              Hex/Fire       2%         N/A       100%        3
 Summon Guardian Golem    Hex/Summ       2%         N/A       100%        3
 Tukima's Dance           Hex            2%         N/A       100%        3
 Cause Fear               Hex            1%         N/A       100%        4
 Passage of Golubria      Tloc           2%         N/A       100%        4
 Yara's Violent Unravell  Hex/Tmut       1%         3d3       100%        5
 Discord                  Hex            1%         N/A       100%        8


Dungeon Overview and Level Annotations

Branches:
Dungeon (3/15)

Altars:
Makhleb

Annotations:
D:2 Crazy Yiuf


Innate Abilities, Weirdness & Mutations

You have very sharp teeth.
Your uncanny sense of smell can sniff out nearby items.
Your experience applies equally to all skills.


Message History

Crazy Yiuf is moderately wounded.
Crazy Yiuf hits you with a +2 quarterstaff of chaos.
You easily resist.
You hit Crazy Yiuf but do no damage.
Crazy Yiuf is moderately wounded.
Crazy Yiuf barely misses you.
You hit Crazy Yiuf.
Crazy Yiuf is heavily wounded.
Crazy Yiuf hits you with a +2 quarterstaff of chaos.
You feel your power leaking away.
You closely miss Crazy Yiuf.
Crazy Yiuf is heavily wounded.
Crazy Yiuf hits you with a +2 quarterstaff of chaos.
You are poisoned.
You completely miss Crazy Yiuf.
Crazy Yiuf is heavily wounded.
You feel sick.
Crazy Yiuf hits you with a +2 quarterstaff of chaos!
Crazy Yiuf freezes you.
You are too injured to fight recklessly!
You are too injured to fight recklessly!
You are too injured to fight recklessly!
You barely miss Crazy Yiuf.
Crazy Yiuf is heavily wounded.
You feel sick. Crazy Yiuf hits you but does no damage.
You are electrocuted!
* * * LOW HITPOINT WARNING * * *
You hit Crazy Yiuf.
Crazy Yiuf is severely wounded.
You feel sick.
Crazy Yiuf hits you with a +2 quarterstaff of chaos.
* * * LOW HITPOINT WARNING * * *
Crazy Yiuf burns you.
* * * LOW HITPOINT WARNING * * *
Crazy Yiuf hits you with a +2 quarterstaff of chaos!
* * * LOW HITPOINT WARNING * * *
Unknown command.
It was a potion of flight.
You feel very buoyant.
You fly up into the air.
You die...

##.####..#
#.#.#.###.
#.# ####
###.#.#.##..
###
#...#.#.##)#
#####
#####.#.....
#)..#
#.....##...#
#...#
#.######.###
...
#.##.....#
#g#
#..#.....###
#@##
##.'>)[..'..
##.#
###.....###
#.##
#........
##.#
######.##
##.## #####
#.#. ##...#
#...# #.#.
#.P.P# ###.#
#.#. #....#
#.# #.#.
#+..+# #.#
#.#.


You could see Crazy Yiuf.

Vanquished Creatures
  Sigmund (D:2)
  Terence (D:2)
  2 adders (D:2)
  A worm (D:2)
  A dart slug (D:2)
  5 bats
  4 endoplasms
  A giant cockroach (D:2)
  3 hobgoblins
  3 quokkas
  4 ball pythons
  A frilled lizard (D:1)
  4 goblins
  5 kobolds
  4 rats
40 creatures vanquished.

Notes
Turn   | Place    | Note
-------+----------+-------------------------------------------
     0 | D:1      | 386 the Gnoll Fighter began the quest for the Orb.
     0 | D:1      | Reached XP level 1. HP: 23/23 MP: 1/1
   153 | D:1      | Noticed a golden eye
   157 | D:1      | Reached XP level 2. HP: 29/29 MP: 2/2
   159 | D:1      | Noticed a great orb of eyes
   161 | D:1      | Found a faded altar of an unknown god.
   163 | D:1      | Noticed a golden eye
   163 | D:1      | Noticed an eye of devastation
   921 | D:2      | Noticed Sigmund
   936 | D:2      | Killed Sigmund
   937 | D:2      | Reached skill level 1 in Short Blades
   937 | D:2      | Reached skill level 1 in Long Blades
   937 | D:2      | Reached skill level 1 in Axes
   937 | D:2      | Reached skill level 1 in Maces & Flails
   937 | D:2      | Reached skill level 1 in Staves
   937 | D:2      | Reached skill level 1 in Ranged Weapons
   937 | D:2      | Reached skill level 1 in Throwing
   937 | D:2      | Reached skill level 1 in Dodging
   937 | D:2      | Reached skill level 1 in Stealth
   937 | D:2      | Reached skill level 1 in Unarmed Combat
   937 | D:2      | Reached skill level 1 in Spellcasting
   937 | D:2      | Reached skill level 1 in Conjurations
   937 | D:2      | Reached skill level 1 in Hexes
   937 | D:2      | Reached skill level 1 in Summonings
   937 | D:2      | Reached skill level 1 in Necromancy
   937 | D:2      | Reached skill level 1 in Translocations
   937 | D:2      | Reached skill level 1 in Transmutations
   937 | D:2      | Reached skill level 1 in Fire Magic
   937 | D:2      | Reached skill level 1 in Ice Magic
   937 | D:2      | Reached skill level 1 in Air Magic
   937 | D:2      | Reached skill level 1 in Earth Magic
   937 | D:2      | Reached skill level 1 in Poison Magic
   937 | D:2      | Reached skill level 1 in Invocations
   937 | D:2      | Reached skill level 1 in Evocations
   937 | D:2      | Reached XP level 3. HP: 17/35 MP: 2/5
   937 | D:2      | Reached XP level 4. HP: 20/41 MP: 2/6
   937 | D:2      | Reached XP level 5. HP: 23/47 MP: 2/7
  1101 | D:2      | Noticed Terence
  1127 | D:2      | Killed Terence
  1832 | D:2      | Reached XP level 6. HP: 53/53 MP: 8/8
  1893 | D:2      | Found a burning altar of Makhleb.
  2165 | D:2      | Found a runed translucent door.
  2166 | D:2      | Noticed Crazy Yiuf
  2264 | D:2      | HP: 1/53 [Crazy Yiuf/+2 quarterstaff of chaos (7)]
  2265 | D:2      | Succumbed to Crazy Yiuf's poison

Illustrated notes

Levels and vault maps discovered:
D:1:      sevenhm_arrival_forest_fort_large_2, layout_loops_cross,
          hellmonk_ecumenical_altar_watching_god
D:2:      layout_basic, basic_altar, dreamdust_princess_bridge, uniq_sigmund,
          uniq_crazy_yiuf_cottage, uniq_terence
D:3:      layout_basic, ebering_ghost_rock_garden, minmay_misc_feat_plants

Skill      XL: |  1  2  3  4  5 |
---------------+----------------+-----
Short Blades   | 1 |  1.8
Long Blades    | 1 |  1.8
Axes           | 1 |  1.8
Maces & Flails | 1 |  1.8
Staves         | 1 |  1.8
Ranged Weapons | 1 |  1.8
Throwing       | 1 |  1.8
Dodging        | 1 |  1.8
Stealth        | 1 |  1.8
Unarmed Combat | 1 |  1.8
Spellcasting   | 1 |  1.8
Conjurations   | 1 |  1.4
Hexes          | 1 |  1.4
Summonings     | 1 |  1.4
Necromancy     | 1 |  1.4
Translocations | 1 |  1.4
Transmutations | 1 |  1.4
Fire Magic     | 1 |  1.4
Ice Magic      | 1 |  1.4
Air Magic      | 1 |  1.4
Earth Magic    | 1 |  1.4
Poison Magic   | 1 |  1.4
Invocations    | 1 2 |  2.0
Evocations     | 1 |  1.8
Fighting       | |  6.8
Polearms       | |  4.9
Armour         | |  6.8
Shields        | |  6.8

Action                   |  1- 3 |  4- 6 || total
-------------------------+-------+-------++-------
Melee: Trident           |    59 |    98 ||   157
       Bite              |     4 |     6 ||    10
  Use: Potion            |       |     1 ||     1
Armor: Scale mail        |    21 |    12 ||    33
       Chain mail        |       |    27 ||    27
Dodge: Dodged            |    10 |    21 ||    31
Block: Buckler           |    14 |    18 ||    32
